Map: Traitor's Exile

Players

ban

  • Race: Terran Terran
  • League: Silver
  • Spawn Location: 9:00

Italo

  • Race: Protoss Protoss
  • League: Gold
  • Spawn Location: 12:00

Subwaymaker - Winner!

  • Race: Protoss Protoss
  • League: Gold
  • Spawn Location: 5:00

Mesrob - Winner!

  • Race: Terran Terran
  • League: Platinum
  • Spawn Location: 6:00

VOD

Have the link to the VOD?

Description

Time

  • Played on: July 21, 2019, 12:48 p.m.
  • Length: 10:17
Show
View Real Time Build Order
Export as new Build Order

ban Terran 

Build Orders:  

Get SALT Encoding   

  12  0:10  Supply Depot  
  13  0:14  SCV  
  13  0:26  SCV  
  14  0:34  Barracks  
  14  0:38  SCV  
  15  0:46  Refinery  
  15  0:50  SCV  
  16  1:02  SCV  
  17  1:14  SCV  
  18  1:24  Supply Depot  
  18  1:25  Marine  
  19  1:28  SCV  
  19  1:30  Refinery  
  20  1:40  SCV  
  20  1:43  Marine  
  22  1:52  SCV  
  23  1:54  Factory  
  23  2:04  SCV  
  24  2:16  SCV  
  24  2:18  Barracks Reactor  
  25  2:28  SCV  
  26  2:37  Factory Tech Lab  
  26  2:43  Starport  
  26  2:45  Orbital Command  
  26  2:49  Supply Depot  
  26  2:54  Supply Depot  
  26  2:56  Siege Tank  
  29  2:58  Marine  
  29  3:02  Marine  
  31  3:22  Starport  
  31  3:28  Starport Reactor  
  31  3:35  Marine x2  
  33  3:53  Marine x2  
  35  4:14  Liberator  
  35  4:16  Liberator  
  35  4:30  Siege Tank  
  21  7:16  Marine x2  
  23  7:32  Viking x2  
  23  7:34  Marine x2  
  29  7:52  Marine x2  
  29  7:53  Engineering Bay  
  31  8:02  Viking  
  33  8:10  Marine x2  
  35  8:27  Marine x2  
  35  8:33  Viking x2  
  37  8:45  Marine x2  
  39  8:50  Missile Turret x2  
  39  8:54  Command Center  
  39  8:55  Missile Turret  
  39  9:03  Marine x2  
  41  9:11  Siege Tank  
  41  9:15  SCV  
  45  9:21  Marine x2  
  47  9:57  Marine  
  47  9:58  SCV  
Show
View Real Time Build Order
Export as new Build Order

Italo Protoss 

Build Orders: Cannon Rush 

Get SALT Encoding   

  1  0:00  Probe  
  13  0:16  Pylon  
  13  0:21  Probe  
  14  0:34  Forge  
  14  1:00  Gateway  
  14  1:14  Pylon  
  14  1:24  Photon Cannon  
  14  1:33  Photon Cannon  
  14  1:36  Photon Cannon  
  14  1:44  Pylon  
  14  1:57  Photon Cannon  
  14  2:08  Photon Cannon  
  14  2:20  Photon Cannon  
  14  2:37  Pylon  
  14  2:41  Probe  
  14  2:42  Pylon  
  14  2:49  Probe  
  16  3:00  Photon Cannon  
  16  3:09  Photon Cannon  
  16  3:20  Photon Cannon  
  16  3:36  Pylon  
  13  5:17  Pylon  
  13  5:40  Nexus  
  13  5:47  Photon Cannon  
Show
View Real Time Build Order
Export as new Build Order

Subwaymaker Protoss - Winner!

Build Orders: Oracle Opening 

Get SALT Encoding   

  12  0:01  Probe  
  13  0:13  Probe  
  14  0:19  Pylon  
  14  0:25  Probe  
  15  0:37  Probe  
  15  0:41  Gateway  
  16  0:45  Probe  
  17  0:53  Probe  
  17  0:54  Assimilator  
  17  1:03  Assimilator  
  18  1:06  Probe  
  19  1:14  Probe  
  20  1:30  Cybernetics Core  
  20  1:34  Pylon  
  20  1:42  Probe  
  21  1:54  Probe  
  22  2:06  Probe  
  23  2:12  Stalker  
  24  2:26  Stargate  
  24  2:41  Nexus  
  24  2:43  Pylon  
  15  3:42  Assimilator  
  15  3:44  Oracle  
  18  4:04  Assimilator  
  18  4:11  Oracle  
  21  4:35  Probe  
  22  4:48  Probe  
  17  5:27  Oracle  
  20  6:09  Probe  
  21  6:21  Probe  
  21  6:23  Void Ray  
  21  6:33  Probe  
  26  6:46  Gateway  
  26  6:47  Gateway  
  26  6:50  Pylon  
  23  7:46  Void Ray  
  23  7:48  Assimilator  
  23  7:50  Warp Gate  
  27  8:20  Nexus  
  27  8:21  Pylon  
  27  8:23  Assimilator  
  25  8:29  Assimilator  
  25  8:30  Pylon  
  25  8:39  Probe  
  25  8:47  Probe  
  27  8:57  Probe  
  28  9:09  Probe  
  29  9:10  Void Ray  
  33  9:17  Probe  
  34  9:25  Probe  
  34  9:29  Probe  
  35  9:35  Probe  
  35  9:37  Probe  
  38  9:46  Probe  
  38  9:47  Probe  
  40  9:56  Stalker  
  40  9:57  Stalker x2  
  40  9:59  Probe  
Show
View Real Time Build Order
Export as new Build Order

Mesrob Terran - Winner!

Build Orders:  

Get SALT Encoding   

  12  0:00  SCV  
  13  0:12  SCV  
  14  0:19  Supply Depot  
  14  0:32  SCV  
  15  0:44  Barracks  
  15  0:45  SCV  
  15  0:48  Refinery  
  16  0:57  SCV  
  17  1:09  SCV  
  18  1:17  Refinery  
  18  1:24  Barracks  
  18  1:32  Reaper  
  19  1:40  Supply Depot  
  19  2:00  Orbital Command  
  19  2:04  Reaper  
  19  2:07  Barracks  
  19  2:28  Reaper  
  20  2:36  Reaper  
  20  2:58  Reaper  
  21  3:00  Reaper  
  21  3:02  SCV  
  23  3:14  SCV  
  23  3:16  Reaper  
  23  3:18  Command Center  
  25  3:24  Supply Depot  
  25  3:50  Reaper  
  26  4:12  Reaper  
  27  4:21  SCV  
  28  4:31  Orbital Command  
  28  4:32  Refinery  
  28  4:33  SCV  
  29  4:45  SCV  
  29  4:59  Refinery  
  29  5:00  Reaper x3  
  29  5:32  Marine x3  
  31  5:50  Marine x3  
  31  6:07  Marine  
  31  6:08  Marine x2  
  34  6:25  Marine x2  
  34  6:28  Marine  
  34  6:29  Factory  
  35  6:43  Marine x2  
  35  6:45  Marine  
  35  7:37  Marine  
  35  7:38  Marine x2  
  38  7:55  Marine x3  
  41  8:13  Marine x3  
  41  8:14  Starport  
  44  8:21  Command Center  
  44  8:33  Marine x3  
  47  8:37  Factory Tech Lab  
  47  8:42  Starport  
  47  8:50  Supply Depot  
  47  8:51  Marine x3  
  50  9:04  Starport Tech Lab  
  50  9:08  Fusion Core  
  50  9:09  Marine  
  51  9:11  Marine x2  
  51  9:13  Supply Depot, Siege Tank  
  56  9:26  Marine  
  56  9:29  Marine x2  
  59  9:35  Engineering Bay  
  59  9:36  Supply Depot  
  59  9:40  Starport Tech Lab  
  59  9:43  Starport  
  59  9:44  Marine  
  64  9:45  Siege Tank, SCV  
  64  9:47  Marine x2  
  64  9:49  SCV  
  67  9:57  SCV  
  67  9:59  Refinery  
  68  10:01  SCV  
Tags
 
Add a new tag
Caveats
  • Supply blocks, unpowered buildings, or Contaminate may cause inaccurate times.
  • Supply counts are checked every 10 seconds.